Map: [ESL] Data-C

Players

Maru

  • Race: Terran Terran
  • Spawn Location: 3:00

Solar - Winner!

  • Race: Zerg Zerg
  • Spawn Location: 9:00

Event: DreamHack SC2 Masters 2022 Atlanta (Offline)

VOD

Have the link to the VOD?

Description

Time

  • Played on: Nov. 19, 2022, 7:03 p.m.
  • Length: 14:31

All games in this series

Show
View Real Time Build Order
Export as new Build Order

Maru Terran 

Build Orders:  

Get SALT Encoding   

  12  0:00  SCV  
  13  0:12  SCV  
  14  0:17  Supply Depot  
  14  0:24  SCV  
  15  0:38  SCV  
  15  0:40  Barracks  
  16  0:43  Refinery  
  16  0:50  SCV  
  17  1:02  SCV  
  18  1:14  SCV  
  19  1:27  Barracks Reactor, Orbital Command  
  19  1:39  Command Center  
  19  1:50  Supply Depot  
  19  1:52  SCV  
  20  2:03  Factory  
  20  2:04  SCV  
  20  2:06  Marine  
  20  2:08  Marine  
  22  2:14  Refinery  
  23  2:17  SCV  
  24  2:24  Marine  
  24  2:26  Marine  
  24  2:29  SCV  
  27  2:41  SCV  
  28  2:47  Starport  
  28  2:50  Orbital Command  
  28  2:53  SCV  
  28  2:54  Hellion  
  28  2:57  Hellion  
  33  3:05  SCV  
  34  3:11  Barracks Tech Lab  
  34  3:13  Supply Depot  
  34  3:17  Widow Mine, SCV  
  34  3:18  Widow Mine  
  39  3:20  SCV  
  39  3:26  Medivac  
  42  3:29  SCV  
  42  3:32  SCV  
  44  3:39  Widow Mine  
  44  3:40  Widow Mine  
  48  3:41  SCV  
  48  3:44  SCV  
  48  3:53  SCV  
  48  3:54  Armory  
  47  3:56  SCV  
  47  4:01  Supply Depot  
  52  4:02  Hellion  
  52  4:03  Hellion  
  52  4:05  SCV  
  52  4:08  SCV  
  54  4:23  Liberator, SCV x2, Marine  
  59  4:31  Supply Depot  
  59  4:35  SCV x2  
  59  4:38  Stimpack  
  61  4:47  SCV  
  61  4:48  Command Center  
  61  4:52  SCV  
  61  4:59  SCV  
  58  5:04  SCV  
  59  5:08  Barracks  
  59  5:09  Factory Reactor, Starport Reactor, Engineering Bay, Barracks  
  59  5:11  Factory Tech Lab, SCV  
  60  5:16  SCV  
  60  5:17  Refinery, Supply Depot  
  61  5:23  SCV  
  61  5:28  SCV  
  63  5:32  Engineering Bay  
  63  5:34  Barracks  
  63  5:36  Barracks, SCV  
  63  5:39  Siege Tank  
  63  5:40  SCV  
  68  5:48  SCV  
  69  5:52  Terran Infantry Weapons Level 1, SCV  
  69  5:55  Supply Depot  
  70  5:59  Orbital Command  
  70  6:00  SCV  
  70  6:01  Starport Reactor, Marine x3  
  74  6:04  SCV  
  74  6:07  Terran Infantry Armor Level 1  
  75  6:12  Refinery, Siege Tank, SCV  
  75  6:16  SCV  
  75  6:17  Supply Depot  
  80  6:20  Combat Shield  
  80  6:21  Marine x4  
  80  6:24  SCV  
  85  6:28  SCV  
  85  6:32  Barracks Reactor x2  
  86  6:35  Orbital Command  
  86  6:36  SCV  
  86  6:37  Marine  
  86  6:39  Marine x2  
  90  6:41  SCV  
  90  6:45  Barracks x2  
  90  6:46  Barracks  
  91  6:48  SCV  
  91  6:53  SCV  
  93  6:56  Medivac x2  
  93  7:00  SCV  
  98  7:02  SCV  
  98  7:05  SCV, Supply Depot  
  98  7:06  Supply Depot  
  100  7:08  Marine  
  100  7:09  Marine  
  100  7:12  SCV  
  100  7:13  Supply Depot  
  100  7:14  SCV, Marine x2  
  106  7:17  SCV  
  106  7:21  Marine x2, Supply Depot  
  109  7:26  SCV x2, Marine  
  109  7:29  SCV  
  113  7:30  Supply Depot  
  113  7:31  Supply Depot  
  113  7:34  Marine x2  
  113  7:35  Barracks Reactor x3, Marine x3  
  118  7:37  Marine  
  118  7:38  SCV x2  
  118  7:39  Refinery, Marine  
  118  7:40  Marine  
  118  7:41  SCV  
  118  7:44  Medivac, Marine  
  126  7:45  Supply Depot  
  126  7:46  Medivac  
  129  7:51  Marine  
  129  7:52  Marine  
  129  7:53  Marine x3  
  129  7:55  Marine  
  129  7:56  Terran Infantry Weapons Level 2, Marine  
  136  7:58  Marine  
  136  8:03  Marine  
  136  8:04  Terran Infantry Armor Level 2  
  131  8:09  Marine x2  
  131  8:11  Marine x3  
  136  8:13  Marine, Supply Depot  
  136  8:14  Marine x2  
  136  8:16  Marine, Command Center  
  140  8:22  Medivac x2  
  140  8:26  Marine x5  
  149  8:27  Siege Tank  
  149  8:33  Marine x5  
  149  8:34  Marine  
  157  8:37  Supply Depot  
  158  8:42  Marine  
  158  8:44  Marine x3  
  158  8:46  Marine x2  
  164  8:50  Marine x2  
  164  8:52  Medivac x2  
  170  8:56  Refinery  
  170  8:57  Factory  
  170  9:02  Terran Vehicle Weapons Level 1, Marine  
  170  9:03  Marine x2, Supply Depot  
  170  9:07  Marine  
  170  9:08  Marine x2  
  159  9:17  Marine x7  
  159  9:18  Siege Tank  
  159  9:22  Medivac  
  171  9:24  Marine x2  
  171  9:29  SCV x3  
  176  9:31  Marine x2  
  176  9:35  Marine  
  176  9:36  Marine x4  
  183  9:39  Medivac  
  183  9:41  Factory Tech Lab  
  183  9:42  Marine x3  
  188  9:47  Marine x2  
  188  9:49  Planetary Fortress  
  188  9:50  Siege Tank  
  188  9:52  Medivac  
  195  9:55  Marine x4  
  195  9:56  Marine  
  200  10:11  Marine x5  
  200  10:13  Marine  
  200  10:18  Marine  
  200  10:19  Marine x2  
  200  10:20  Marine  
  200  10:24  Sensor Tower, Marine  
  200  10:26  Terran Infantry Weapons Level 3, Terran Infantry Armor Level 3  
  196  10:34  Marine  
  185  10:38  Siege Tank x2  
  185  10:42  Marine x6  
  184  10:43  Marine  
  184  10:49  Marine x2  
  179  10:50  Marine x5  
  179  10:52  Marine  
  179  10:53  Refinery, Command Center  
  179  10:54  Refinery  
  185  10:59  Terran Vehicle Weapons Level 2  
  185  11:00  Marine x3  
  185  11:02  Marine  
  185  11:04  Marine x3  
  180  11:09  Marine x6  
  180  11:10  Siege Tank  
  180  11:11  Marine  
  166  11:19  Marine x2  
  166  11:21  Marine x2  
  166  11:22  Liberator, Siege Tank, Marine x4  
  161  11:29  Marine  
  162  11:34  Marine x6  
  162  11:35  Liberator  
  171  11:40  SCV x4  
  171  11:42  Siege Tank  
  171  11:44  Marine x6  
  184  11:54  Siege Tank  
  187  12:05  Marine x2  
  187  12:07  Marine  
  190  12:08  Liberator  
  190  12:13  Ghost Academy  
  190  12:14  Siege Tank  
  192  12:17  Marine x3  
  192  12:20  Marine  
  185  12:28  Marine  
  157  12:31  Marine  
  157  12:32  Marine x5  
  157  12:36  Marine x3  
  150  12:37  Marine  
  150  12:41  Medivac  
  147  12:45  Marine x2  
  147  12:46  Barracks, Marine  
  147  12:47  Barracks, Marine x2  
  147  12:48  Siege Tank x2  
  147  12:49  Barracks, Marine  
  147  12:50  Marine x3  
  162  12:51  Medivac  
  162  12:52  Marine x2  
  162  12:54  Marine x4  
  167  13:02  Marine  
  167  13:03  Marine  
  167  13:04  Marine x2  
  149  13:09  Planetary Fortress, Marine x5  
  149  13:10  Marine x2  
  153  13:19  Medivac  
  155  13:20  Siege Tank, Marine x4  
  155  13:21  Medivac, Marine x2  
  155  13:22  Marine  
  167  13:34  Barracks Tech Lab x2  
  167  13:38  Siege Tank  
  170  13:46  Barracks Tech Lab  
  158  13:53  Siege Tank  
  160  14:11  Marine x9  
  138  14:27  Unknown  
  138  14:28  Unknown x2  
Show
View Real Time Build Order
Export as new Build Order

Solar Zerg - Winner!

Build Orders: Hatch First, Lurkers 

Get SALT Encoding   

  12  0:00  Drone  
  13  0:12  Overlord  
  13  0:17  Drone  
  14  0:30  Drone  
  14  0:31  Drone  
  16  0:47  Hatchery  
  15  0:51  Drone  
  15  0:54  Drone  
  17  0:57  Drone  
  18  1:09  Extractor  
  17  1:13  Spawning Pool  
  17  1:16  Drone  
  17  1:19  Drone  
  18  1:28  Drone  
  19  1:39  Drone  
  20  1:49  Drone  
  21  1:59  Queen  
  21  2:00  Queen  
  25  2:06  Drone x2  
  27  2:12  Overlord  
  27  2:13  Drone  
  28  2:21  Hatchery  
  27  2:24  Drone  
  28  2:31  Drone  
  28  2:36  Queen  
  31  2:40  Drone  
  31  2:43  Overlord  
  32  2:47  Metabolic Boost  
  32  2:48  Drone  
  32  2:50  Drone  
  34  2:54  Drone  
  34  2:55  Drone  
  36  3:05  Drone x2  
  38  3:08  Drone x2  
  38  3:09  Queen  
  38  3:12  Zergling x2  
  43  3:17  Overlord  
  43  3:19  Zergling x2  
  44  3:33  Queen  
  44  3:34  Zergling x6  
  49  3:35  Queen  
  49  3:40  Overlord  
  51  3:48  Spore Crawler  
  51  3:53  Drone x7  
  51  3:55  Drone x2  
  58  3:59  Drone  
  59  4:07  Overlord  
  59  4:09  Drone x2  
  61  4:11  Queen  
  61  4:13  Queen  
  65  4:20  Drone, Overlord  
  65  4:21  Overlord  
  66  4:25  Spore Crawler x2  
  66  4:31  Roach Warren, Extractor x2  
  61  4:34  Zergling x8  
  61  4:36  Spore Crawler  
  62  4:38  Drone x2  
  62  4:42  Drone  
  65  4:46  Drone  
  65  4:47  Drone  
  65  4:49  Drone x2  
  65  4:51  Drone  
  65  4:52  Drone  
  67  5:02  Drone  
  67  5:03  Drone  
  67  5:04  Drone, Lair  
  67  5:05  Drone x2  
  73  5:10  Drone  
  73  5:11  Drone, Baneling Nest  
  74  5:15  Drone  
  74  5:17  Drone x4  
  79  5:24  Drone x2, Zergling x4  
  79  5:25  Zergling x2  
  79  5:28  Evolution Chamber, Drone  
  82  5:29  Drone  
  82  5:31  Evolution Chamber  
  82  5:32  Overlord  
  83  5:37  Drone x3  
  83  5:38  Drone x3  
  88  5:44  Drone x2  
  88  5:46  Overlord  
  88  5:48  Overlord  
  89  5:51  Extractor  
  89  5:52  Extractor  
  89  5:53  Drone x3  
  89  5:55  Extractor  
  89  5:56  Drone  
  90  5:58  Zerg Ground Armor Level 1  
  90  6:00  Zerg Melee Weapons Level 1  
  90  6:03  Zergling x6  
  93  6:04  Overseer  
  93  6:09  Centrifugal Hooks  
  93  6:15  Drone, Hatchery  
  93  6:16  Drone  
  94  6:19  Drone  
  94  6:23  Drone x3  
  98  6:29  Hydralisk Den  
  98  6:32  Overlord  
  96  6:34  Zergling x14  
  102  6:44  Overlord  
  102  6:46  Overseer  
  102  6:49  Zergling x14  
  102  6:52  Overlord  
  109  6:56  Baneling x10  
  109  6:57  Drone, Baneling  
  110  7:01  Zergling x6  
  110  7:03  Overlord  
  110  7:07  Overlord  
  113  7:10  Drone x5  
  113  7:12  Zergling x2  
  120  7:15  Zergling x4  
  121  7:23  Zergling x2  
  121  7:26  Zergling x4  
  121  7:27  Overlord  
  124  7:32  Zergling x6  
  124  7:37  Grooved Spines  
  124  7:43  Drone x4  
  124  7:44  Hydralisk x3  
  127  7:48  Hydralisk x2  
  127  7:50  Baneling x4  
  137  7:55  Hydralisk  
  137  7:57  Drone  
  140  7:59  Drone  
  140  8:00  Drone  
  140  8:01  Overlord  
  140  8:02  Drone x2  
  140  8:05  Zerg Ground Armor Level 2, Zerg Melee Weapons Level 2  
  140  8:10  Drone x3  
  140  8:12  Drone x2  
  145  8:13  Zergling x8  
  145  8:17  Hatchery, Overlord, Baneling x3  
  145  8:18  Infestation Pit  
  145  8:19  Zergling x4  
  148  8:22  Hydralisk x2  
  152  8:27  Zergling x12  
  152  8:31  Zergling x2  
  152  8:32  Zergling x2  
  152  8:34  Pneumatized Carapace, Baneling x2  
  159  8:35  Zergling x2  
  159  8:37  Baneling x13  
  159  8:39  Zergling x4  
  162  8:44  Zergling x10  
  162  8:45  Overlord  
  162  8:46  Overlord  
  167  8:49  Muscular Augments  
  167  8:55  Overlord, Hive  
  167  8:58  Overlord  
  168  9:02  Zergling x2  
  168  9:05  Zergling x16  
  168  9:07  Hydralisk  
  168  9:08  Hydralisk  
  179  9:10  Zergling x6, Extractor  
  179  9:13  Lurker Den  
  179  9:17  Hydralisk x3, Hatchery  
  175  9:20  Zergling x2  
  182  9:24  Zergling x2  
  182  9:25  Baneling x2, Zergling x6  
  182  9:26  Baneling x5  
  182  9:27  Drone  
  182  9:30  Zergling x6  
  189  9:35  Zergling x12  
  189  9:38  Drone  
  195  9:39  Zergling x4  
  195  9:44  Zergling x6  
  200  9:59  Baneling x2  
  198  10:12  Zergling x10  
  197  10:15  Zergling x6  
  197  10:16  Zergling x2  
  197  10:17  Zergling x8  
  197  10:18  Zergling x2  
  197  10:20  Baneling x10  
  198  10:27  Viper x2  
  197  10:30  Zerg Ground Armor Level 3, Zerg Missile Weapons Level 1  
  197  10:33  Zergling x18  
  197  10:34  Zergling x10  
  196  10:38  Zergling x8  
  196  10:45  Hydralisk x3  
  196  10:49  Zergling x4  
  196  10:50  Zergling x4  
  196  10:51  Zergling x4  
  200  10:57  Baneling x8  
  200  11:03  Zergling x8  
  200  11:04  Zergling x4  
  199  11:09  Zergling x4  
  200  11:13  Adrenal Glands, Zergling x6  
  200  11:18  Zergling x4  
  177  11:20  Hatchery  
  177  11:24  Zergling x8  
  177  11:25  Zergling x2  
  170  11:27  Seismic Spines  
  170  11:28  Zergling x2  
  170  11:29  Zergling x4  
  170  11:30  Baneling x14  
  173  11:33  Zergling x4  
  173  11:37  Zergling x6  
  178  11:40  Extractor  
  178  11:42  Drone x2  
  178  11:43  Drone  
  178  11:45  Zergling x2  
  178  11:46  Spore Crawler  
  180  11:49  Baneling x5  
  180  11:50  Zergling x8  
  184  11:55  Zergling x8  
  184  12:00  Zergling x6  
  190  12:03  Baneling x4  
  190  12:05  Zergling x10  
  190  12:08  Zergling x8  
  199  12:12  Zergling x6  
  198  12:16  Zergling x4  
  175  12:30  Zergling x20  
  175  12:35  Hydralisk x5  
  171  12:40  Zergling x8  
  171  12:42  Baneling x2  
  169  12:45  Zergling x8  
  169  12:46  Baneling x6  
  169  12:49  Adaptive Talons  
  171  12:52  Zergling x10  
  171  12:56  Zergling x8  
  170  13:02  Hydralisk x2  
  162  13:06  Zergling x8  
  162  13:11  Zergling x6  
  166  13:14  Lurker x5  
  166  13:15  Baneling, Lurker x4  
  166  13:16  Baneling x12  
  166  13:17  Zergling x10  
  166  13:19  Hydralisk  
  180  13:20  Hydralisk, Zergling x6  
  180  13:21  Zergling x2  
  180  13:22  Zergling x8  
  180  13:26  Drone  
  180  13:27  Drone x2  
  195  13:28  Baneling x2  
  195  13:29  Zergling x4, Baneling x5  
  195  13:35  Hatchery, Zergling x2  
  195  13:41  Zergling x8  
  181  13:48  Zergling x2  
  181  13:49  Zergling x18  
  181  13:50  Zergling x6  
  181  13:51  Zergling x8  
  181  13:55  Drone x3, Baneling x15  
  196  13:58  Zergling x2  
  198  14:06  Zergling x4  
  200  14:12  Zergling x12  
Tags
 
Add a new tag
Caveats
  • Supply blocks, unpowered buildings, or Contaminate may cause inaccurate times.
  • Supply counts are checked every 10 seconds.